 Dungeon Crawl Stone Soup version 0.26-a0-651-gb41185065b (webtiles) character file.

Game seed: 10991478364379815344

6162 Ozzies the Fighter (level 10, 0/68 HPs)
             Began as a Gargoyle Fighter on Oct 3, 2020.
             Was an Elder of Qazlal.
             Slain by an eight-headed hydra (1 damage)
             ... on level 9 of the Dungeon.
             The game lasted 00:19:49 (7031 turns).

Ozzies the Fighter (Gargoyle Fighter)               Turns: 7031, Time: 00:19:50

Health: 0/68       AC: 17    Str: 24    XL:     10   Next: 90%
Magic:  4/10       EV: 11    Int:  8    God:    Qazlal [****..]
Gold:   503        SH: 16    Dex:  9    Spells: 9/9 levels left

rFire    + . .     SeeInvis +   H - +3 hand axe (elec)
rCold    + . .     Faith    .   y - +0 kite shield
rNeg     + . .     Spirit   .   D - +1 leather armour "Hopap" {Regen+}
rPois    ∞         Reflect  .   A - +1 helmet
rElec    +         Harm     .   P - scarf {rC+ rF+}
rCorr    .         Rampage  .   x - +0 pair of gloves
MR       .....     Rnd*Tele +   l - +0 pair of boots
Stlth    +.........             (no amulet)
HPRegen  0.61/turn              B - ring of see invisible
MPRegen  0.12/turn              E - ring of teleportation

@: about to teleport, repel missiles
A: negative energy resistance 1, electricity resistance, unbreathing,
petrification resistance, rot immunity, AC +7
a: Upheaval, Elemental Force, Renounce Religion


You were on level 9 of the Dungeon.
You worshipped Qazlal.
Qazlal was greatly pleased with you.
You visited 1 branch of the dungeon, and saw 9 of its levels.
You also visited: Ossuary.

You collected 503 gold pieces.

Inventory:

Hand Weapons
 a - a +0 flail
 n - a +0 whip
 r - a +2 dagger of speed
 u - a +1 whip of venom
 F - a +2 whip of flaming
 H - a +3 hand axe of electrocution (weapon)
Missiles
 h - 3 poisoned darts
 s - a throwing net (quivered)
Armour
 b - a +0 scale mail
 c - a +0 kite shield
 l - a +0 pair of boots (worn)
 x - a +0 pair of gloves (worn)
 y - a +0 kite shield (worn)
 A - a +1 helmet (worn)
 D - the +1 leather armour "Hopap" (worn) {Regen+}
   (You found it on level 4 of the Dungeon)

   It increases your rate of regeneration.
 G - a +0 scale mail of magic resistance
 P - a scarf of resistance (worn)
Jewellery
 e - an uncursed ring of protection from fire
 B - a ring of see invisible (left hand)
 E - a ring of teleportation (right hand)
 K - an uncursed ring of protection from cold {unknown}
 S - an uncursed amulet of magic regeneration {unknown}
 U - an uncursed ring of stealth {unknown}
 W - an uncursed ring of positive energy
Wands
 I - a wand of flame (18)
 J - a wand of paralysis (11)
 V - a wand of acid (12)
Scrolls
 g - a scroll of immolation
 i - 3 scrolls of identify
 o - 5 scrolls of remove curse
 p - a scroll of blinking
 q - 6 scrolls of teleportation
 t - 2 scrolls of enchant armour
 L - 3 scrolls of vulnerability {unknown}
 M - 2 scrolls of fear
 N - a scroll of random uselessness {unknown}
 O - a scroll of amnesia
 Q - a scroll of noise {unknown}
 T - a scroll of magic mapping {unknown}
 X - a scroll of enchant weapon
 Y - a scroll of fog {unknown}
Potions
 d - 2 potions of might
 f - 3 potions of berserk rage
 j - 6 potions of heal wounds {unknown}
 k - 5 potions of lignification {unknown}
 m - 6 potions of curing {unknown}
 v - 5 potions of degeneration {unknown}
 w - a potion of ambrosia {unknown}
 z - 3 potions of flight {unknown}
 C - a potion of magic {unknown}
 R - a potion of mutation {unknown}


   Skills:
 * Level 10.3 Fighting
 + Level 8.4 Maces & Flails
 + Level 7.9 Armour
 + Level 4.0 Dodging
 + Level 7.9 Shields


You had 9 spell levels left.
You didn't know any spells.
Your spell library contained the following spells:

 Spells                   Type           Power        Failure   Level
 Confusing Touch          Hex            #.......     98%         3
 Gell's Gravitas          Tloc           #.........   98%         3
 Petrify                  Tmut/Erth      #.......     100%        4
 Metabolic Englaciation   Hex/Ice        #.........   100%        5
 Yara's Violent Unravell  Hex/Tmut       #.........   100%        5


Dungeon Overview and Level Annotations

Branches:
Dungeon (9/15)             Temple (0/1) D:5         Ossuary (visited)
   Lair: D:8-11         Orc: D:9-12

Altars:
Elyvilon
Hepliaklqana
Nemelex Xobeh
Qazlal
Ru
Zin


Innate Abilities, Weirdness & Mutations

You are resistant to torment.
Your stone body is resilient. (AC +7)
You are immune to poison.
You resist negative energy. (rN+)
You are resistant to electric shocks. (rElec)
You can survive without breathing.
You are immune to petrification.
You are immune to rotting.


Message History

The eight-headed hydra barely misses you.
The eight-headed hydra misses you.
Okay, then.
Remove which piece of jewellery? (? for menu, Esc to quit)
That's the wrong kind of item! (Use * to select it.) Remove which piece of jewellery? (? for menu, Esc to quit)
Okay, then.
Blink to where?
Press: ? - help, Dir - move target cursor, f - you
Okay, then.
You block the centaur skeleton's attack.
The eight-headed hydra bites you but does no damage.
The eight-headed hydra bites you!
* * * LOW HITPOINT WARNING * * *
You block the eight-headed hydra's attack.
The eight-headed hydra bites you.
* * * LOW HITPOINT WARNING * * *
The eight-headed hydra barely misses you.
The eight-headed hydra bites you.
You die...

.... ....... ......... ###
##########........ #####..
#...##..##........
##.....##♣.<.♣##@##........
#......#.......#DZ.>.......
#..........♣.<.#T5.........
#......#.......#...........
##.....##♣.<.♣##...†.G.....
##......##...##............
#..).....#####......†......
#.........†................
#..........................


You could see an eight-headed hydra, an eye of draining, a troll, a white imp
and a centaur skeleton.

Vanquished Creatures
  A two-headed ogre (D:8)
  A centaur warrior (D:8)
  Pikel (D:5)
  A troll (D:9)
  Grinder (D:3)
  A wyvern (D:9)
  Duvessa (D:5)
  An ice beast (D:9)
  A hornet zombie (D:7)
  2 sky beasts
  7 ogres
  A centaur (D:7)
  A wolf (D:9)
  4 lemures (D:5)
  A big kobold (D:5)
  5 bullfrogs
  Dowan (D:5)
  3 water moccasin zombies (Ossuary)
  6 scorpions
  7 killer bees
  7 hounds
  A centaur zombie (D:6)
  3 jellies
  A gnoll shaman (D:7)
  3 orc priests
  4 orc wizards
  2 bullfrog skeletons
  3 centaur skeletons
  Jessica (D:2)
  4 iguanas
  Ijyb (D:5)
  7 worker ants
  2 big kobold zombies (Ossuary)
  A hound zombie (D:6)
  A hound skeleton (D:6)
  2 mummies (Ossuary)
  Robin (D:3)
  6 gnolls
  11 adders
  A shadow imp (D:5)
  4 white imps
  An ufetubus (D:6)
  3 oozes
  An adder skeleton (D:4)
  3 adder zombies (Ossuary)
  3 worms
  A dart slug (D:2)
  5 leopard geckos
  22 orcs
  4 ball pythons
  5 bats
  8 giant cockroaches
  3 gnoll zombies (Ossuary)
  18 goblins
  11 hobgoblins
  4 jackals (D:1)
  4 quokkas
  5 frilled lizards
  7 hobgoblin zombies (Ossuary)
  13 kobolds
  6 kobold zombies (Ossuary)
  A leopard gecko skeleton (D:4)
  6 orc zombies (Ossuary)
  2 quokka skeletons
  A quokka zombie (D:7)
  7 rats
257 creatures vanquished.

Notes
Turn   | Place    | Note
-------+----------+-------------------------------------------
     0 | D:1      | Ozzies the Gargoyle Fighter began the quest for the Orb.
     0 | D:1      | Reached XP level 1. HP: 14/14 MP: 1/1
    78 | D:1      | Reached XP level 2. HP: 6/20 MP: 2/2
   550 | D:1      | Reached skill level 4 in Fighting
   681 | D:1      | Reached XP level 3. HP: 20/24 MP: 3/3
   953 | D:2      | Noticed Jessica
   967 | D:2      | Killed Jessica
   970 | D:2      | Reached XP level 4. HP: 29/30 MP: 4/4
  1033 | D:2      | Found a white marble altar of Elyvilon.
  1252 | D:2      | Reached skill level 5 in Fighting
  1582 | D:3      | Found a glowing silver altar of Zin.
  1711 | D:3      | Noticed Robin
  1713 | D:3      | Reached XP level 5. HP: 35/35 MP: 5/5
  1750 | D:3      | Killed Robin
  2148 | D:3      | Noticed Grinder
  2162 | D:3      | Killed Grinder
  2162 | D:3      | Reached skill level 7 in Fighting
  2162 | D:3      | Reached XP level 6. HP: 15/44 MP: 6/6
  2453 | D:3      | Found a sacrificial altar of Ru.
  2719 | D:4      | Reached XP level 7. HP: 46/48 MP: 7/7
  2729 | D:4      | Found a stormy altar of Qazlal.
  2732 | D:4      | Noticed a fire elemental
  2732 | D:4      | Noticed a water elemental
  2732 | D:4      | Noticed an air elemental
  2752 | D:4      | Became a worshipper of Qazlal Stormbringer
  2792 | D:4      | Reached skill level 1 in Dodging
  3048 | D:4      | Found a sand-covered staircase.
  3064 | Ossuary  | Entered an ossuary
  3145 | Ossuary  | Reached * piety under Qazlal
  3283 | Ossuary  | Reached XP level 8. HP: 38/53 MP: 8/8
  3621 | D:4      | Got a smoking leather armour
  3631 | D:4      | Identified the cursed +1 leather armour "Hopap" {Regen+}
                  | (You found it on level 4 of the Dungeon)
  4075 | D:5      | Entered Level 5 of the Dungeon
  4104 | D:5      | Reached skill level 5 in Maces & Flails
  4222 | D:5      | Reached ** piety under Qazlal
  4226 | D:5      | Noticed Dowan
  4227 | D:5      | Noticed Duvessa
  4239 | D:5      | Killed Duvessa
  4246 | D:5      | Killed Dowan
  4246 | D:5      | Reached skill level 8 in Fighting
  4246 | D:5      | Reached skill level 5 in Shields
  4254 | D:5      | Reached skill level 5 in Armour
  4260 | D:5      | Noticed Pikel
  4295 | D:5      | Killed Pikel
  4295 | D:5      | Reached XP level 9. HP: 52/60 MP: 9/9
  4436 | D:5      | Noticed Ijyb
  4438 | D:5      | Paralysed by Ijyb for 4 turns
  4445 | D:5      | Paralysed by Ijyb for 2 turns
  4449 | D:5      | Killed Ijyb
  4563 | D:5      | Found a white marble altar of Elyvilon.
  4643 | D:5      | Found a staircase to the Ecumenical Temple.
  5151 | D:6      | Reached skill level 9 in Fighting
  5240 | D:6      | Found a sparkling altar of Nemelex Xobeh.
  5288 | D:6      | Reached *** piety under Qazlal
  6014 | D:7      | Reached XP level 10. HP: 66/66 MP: 10/10
  6158 | D:7      | Found a hazy altar of Hepliaklqana.
  6386 | D:8      | Noticed a two-headed ogre
  6392 | D:8      | Killed a two-headed ogre
  6444 | D:8      | Noticed a centaur warrior
  6461 | D:8      | Killed a centaur warrior
  6753 | D:8      | Reached skill level 10 in Fighting
  6978 | D:9      | Reached **** piety under Qazlal
  7018 | D:9      | Noticed an eight-headed hydra
  7031 | D:9      | HP: 1/68 [eight-headed hydra (3)]
  7031 | D:9      | Slain by an eight-headed hydra

Illustrated notes

Levels and vault maps discovered:
D:1:      dpeg_arrival_pond, layout_basic
D:2:      layout_rooms, elyvilon_altar_5, uniq_jessica
D:3:      minmay_bubble_buster, layout_loops_ring, overflow_temple_1_default,
          hangedman_ru_absence, uniq_grinder, uniq_robin
D:4:      layout_loops_cross, nicolae_qazlal_style_of_elements, enter_ossuary_1
D:5:      layout_gridville, kennysheep_little_box,
          minmay_temple_entry_statues_fountains, uniq_duvessa, uniq_pikel,
          uniq_ijyb
D:6:      layout_cave_pods, lemuel_doored_altar, serial_glass, glass_columns_a,
          glass_columns_b, glass_columns_b, glass_columns_a, glass_columns_a,
          glass_columns_a, glass_columns_b, glass_columns_a
D:7:      layout_rooms, lemuel_coloured_pillars_altar
D:8:      layout_gridville, minmay_misc_feat_tiny, kb_rosetta
D:9:      layout_cross, yredelemnul_altar_generic, old_standard_altar,
          erik_lair_island, serial_column_ruins, column_ruins_hut,
          column_ruins_columns_straight, column_ruins_corridor_straight,
          column_ruins_grid_1, column_ruins_grid_1,
          column_ruins_columns_straight, dk_noncrumbling_3, grunt_ministairs_7

Skill      XL: |  1  2  3  4  5  6  7  8  9 10 |
---------------+-------------------------------+-----
Fighting       | 4 5 7 8 9 10 | 10.3
Maces & Flails | 3 4 5 7 8 |  8.4
Dodging        | 1 3 4 |  4.0
Armour         | 4 5 7 |  7.9
Shields        | 4 5 7 |  7.9

Action                   |  1- 3 |  4- 6 |  7- 9 | 10-12 || total
-------------------------+-------+-------+-------+-------++-------
Melee: Flail             |    84 |    14 |       |       ||    98
       Dagger            |       |    66 |       |       ||    66
       Whip              |       |   154 |   332 |       ||   486
       Hand axe          |       |       |   201 |   119 ||   320
  Use: Scroll            |       |       |     9 |     1 ||    10
Armor: Scale mail        |    83 |   113 |   109 |       ||   305
       Leather armour    |       |       |    96 |    55 ||   151
Dodge: Dodged            |    54 |    71 |   168 |    52 ||   345
Block: Kite shield       |    85 |   118 |   332 |   110 ||   645

Table legend: (Time is in decaauts)
 A = Elapsed time spent in this place.
 B = Non-inter-level travel time spent in this place.
 C = Inter-level travel time spent in this place.
 D = Time resting spent in this place.
 E = Time spent auto-exploring this place.
 F = Levels seen in this place.
 G = Mean time per level.
                   A        B        C        D        E       F      G
               +--------+--------+--------+--------+--------+-----+--------+
         Total |   7090 |   6807 |    283 |    235 |   4683 |  10 |  709.0 |
       Dungeon |   6629 |   6346 |    283 |    107 |   4626 |   9 |  736.6 |
       Ossuary |    460 |    460 |      0 |    128 |     57 |   1 |  460.0 |
               +--------+--------+--------+--------+--------+-----+--------+

Top non-repeatable levels by time:
     D:3: 1109 daAuts
     D:1: 971 daAuts
     D:5: 948 daAuts
     D:4: 889 daAuts
     D:6: 770 daAuts
     D:8: 744 daAuts
     D:2: 649 daAuts
     D:7: 478 daAuts
 Ossuary: 460 daAuts
     D:9: 67 daAuts
